[Event "Early-Titled-Tuesday-Blitz-September-12-2023"]
[Site "Chess.com"]
[Date "2023.09.12"]
[Round "8"]
[White "Polish_fighter3000"]
[Black "Parhamov"]
[Result "1-0"]
[WhiteElo "3091"]
[BlackElo "3108"]
[TimeControl "180+1"]
[EndTime "9:28:53 PDT"]
[Termination "Polish_fighter3000 won by resignation"]

1. e4 c5 2. Nf3 e6 3. d4 cxd4 4.
Nxd4 a6 5. c4 Qc7 6. Nc3 Nf6 7.
a3 h5 8. Be2 Nc6 9. Nf3 Bd6 10.
h3 Ne5 11. O-O b6 12. Be3 Bb7 13. Rc1 Bc5 14. Qd2 Nxe4 15. Nxe4 Bxe4 16. Nxe5 Qxe5 17.
b4 Bxe3 18. Qxe3 Qf5 19. Qxb6 O-O 20. Qd4 Qg6 21. f3 Bc6 22. Qd6 Qg5 23. Rc3 f5 24. Rd1 Rac8 25. Qe5 h4 26. Kf2 Qd8 27. Rd6 Rf6 28.
Qd4 Rg6 29. Bf1 Qg5 30. b5 axb5 31. cxb5 Bb7 32. Rxd7 Qg3+ 33. Kg1 Rxc3 34. Qxc3 Bxf3 35. Rd3 Bxg2 36. Rxg3 Rxg3 37. Qxg3 hxg3 38. Bxg2 1-0

[Event "Early-Titled-Tuesday-Blitz-September-12-2023"]
[Site "Chess.com"]
[Date "2023.09.12"]
[Round "8"]
[White "farzadbfd"]
[Black "Herman-NY"]
[Result "1-0"]
[WhiteElo "2703"]
[BlackElo "2540"]
[TimeControl "180+1"]
[EndTime "9:28:53 PDT"]
[Termination "farzadbfd won by resignation"]

1. d4 Nf6 2. Nf3 g6 3. Bg5 Bg7 4. e3 O-O 5. Be2 c5 6. c3 d6 7. O-O Nbd7 8. Nbd2 b6 9. a4 a6 10. b4 cxb4 11. cxb4 Bb7 12. Rc1 Rc8 13. Qb3 h6 14. Bh4 g5 15. Bg3 Nb8 16. Nc4 Ne4 17. a5 b5 18. Nb6 Rxc1 19. Rxc1 Nd7 20. Nd5 Ndf6 21. Nb6 Nd7 22. Nd5 Ndf6 23. Nxf6+ Bxf6 24. Bd3 Qd7 25.
Qb1 Nxg3 26. hxg3 Rc8 27. Kf1 Rxc1+ 28. Qxc1 Qc8 29. Qxc8+ Bxc8 30. Be4 e6 31. Ne1 Kf8 32. Ke2 Ke7 33. f3 Kd7 34. d5 h5 35. Nc2 h4 36.
g4 Be5 37. Kd3 Ke7 38. Nd4 Bd7 39. dxe6 fxe6 40. Bb7 d5 41. Bxa6 Bd6 42. Bxb5 Bxb4 43. Bxd7 Kxd7 44. a6 Bc5 45. e4 dxe4+ 46. Kxe4 Kc8 47.
Nxe6 1-0

[Event "Early-Titled-Tuesday-Blitz-September-12-2023"]
[Site "Chess.com"]
[Date "2023.09.12"]
[Round "8"]
[White "mamey78"]
[Black "Itk04"]
[Result "1-0"]
[WhiteElo "2620"]
[BlackElo "2749"]
[TimeControl "180+1"]
[EndTime "9:28:54 PDT"]
[Termination "mamey78 won by resignation"]

1. e4 e6 2. d4 d5 3. e5 c5 4. c3 Nc6 5. Nf3 Qb6 6. Bd3 cxd4 7. O-O Bd7 8. Nbd2 Nge7 9. Nb3 dxc3 10. bxc3 Qc7 11. Re1 Ng6 12. Qe2 Rc8 13. Nbd4 a6 14. h4 Nxd4 15. cxd4 Ne7 16. h5 h6 17. Be3 Nc6 18.
Rac1 Ba3 19. Rb1 b5 20. Nh4 Na5 21. Qg4 Kf8 22. Bd2 Nc4 23. Bf4 Be7 24. Rb3 Qd8 25. Nf3 Qa5 26. Bb1 Qd8 27. Nh2 a5 28. Rg3 Rg8 29.
Bxh6 Bh4 30. Bxg7+ Ke8 31. Rf3 Qg5 32. h6 Nd2 33.
Rf4 Nxb1 34. Rxb1 Kd8 35. Qxh4 Qxh4 36. Rxh4 Kc7 37. Bf6 Kb6 38. h7 Rh8 39. Bxh8 Rxh8 40. Rc1 b4 41. Ng4 a4 42. Nf6 Bb5 43. Rg4 b3 44. axb3 axb3 45. Rb1 1-0

[Event "Early-Titled-Tuesday-Blitz-September-12-2023"]
[Site "Chess.com"]
[Date "2023.09.12"]
[Round "8"]
[White "DenLaz"]
[Black "Kacparov"]
[Result "1-0"]
[WhiteElo "3076"]
[BlackElo "2908"]
[TimeControl "180+1"]
[EndTime "9:28:58 PDT"]
[Termination "DenLaz won on time"]

1. d4 Nf6 2. c4 e6 3. Nf3 Bb4+ 4.
Bd2 a5 5. g3 O-O 6. Bg2 d5 7.
Qc2 dxc4 8. Qxc4 Nc6 9. O-O Bd7 10. Rd1 Qb8 11. Nc3 Rd8 12. Bg5 Be7 13. e4 h6 14. Bh4 b5 15. Qe2 b4 16. Na4 Nh7 17.
Bxe7 Nxe7 18. Nc5 Qb5 19. Qe3 Be8 20. Rac1 Nf6 21. Ne5 Rac8 22. h4 Qb6 23. g4 Nc6 24. Nxc6 Bxc6 25. g5 hxg5 26. hxg5 Nd7 27. g6 Nxc5 28.
dxc5 Qb8 29. Qh3 Rxd1+ 30. Rxd1 Rd8 31. Rd3 Be8 32. Qh7+ Kf8 33. gxf7 Bxf7 34. Rg3 Ke7 35. Rxg7 Rd1+ 36. Kh2 Qf8 37. Qh4+ Ke8 38. Qf6 Qe7 39. e5 Qxf6 40. exf6 Rd2 41. Kg3 Rxb2 42. Rh7 Kf8 43.
Be4 1-0

[Event "Early-Titled-Tuesday-Blitz-September-12-2023"]
[Site "Chess.com"]
[Date "2023.09.12"]
[Round "8"]
[White "Alex_Banzea"]
[Black "gaby_przz"]
[Result "1-0"]
[WhiteElo "2628"]
[BlackElo "2427"]
[TimeControl "180+1"]
[EndTime "9:28:58 PDT"]
[Termination "Alex_Banzea won on time"]

1. d4 d5 2. Nc3 Nf6 3. Bf4 a6 4.
e3 e6 5. a3 c5 6. Nf3 Nc6 7. h3 Bd6 8. dxc5 Bxc5 9. Bd3 O-O 10. O-O h6 11. e4 Be7 12. Re1 d4 13. Ne2 Nd7 14. e5 Nc5 15. Ng3 Qd5 16. Qd2 Nxd3 17.
cxd3 g5 18. Nxg5 hxg5 19. Bxg5 Rd8 20. Ne4 Kf8 21. Nf6 Bxf6 22. Bxf6 Ke8 23. Qg5 Kd7 24. Bxd8 Nxd8 25. h4 Nc6 26. h5 Ne7 27. h6 Ng6 28. h7 b6 29. Qf6 Nh8 30. Re4 Bb7 31. Rc1 Re8 32. Rc4 Qb5 33. Rexd4+ Bd5 34. Rb4 Qc5 35. Rg4 Qc1+ 36. Kh2 Ng6 37. Rxg6 fxg6 38. h8=Q Rxh8+ 39. Qxh8 1-0

[Event "Early-Titled-Tuesday-Blitz-September-12-2023"]
[Site "Chess.com"]
[Date "2023.09.12"]
[Round "8"]
[White "vladgoncharov"]
[Black "Leonid_Starozhilov"]
[Result "0-1"]
[WhiteElo "2548"]
[BlackElo "2777"]
[TimeControl "180+1"]
[EndTime "9:28:59 PDT"]
[Termination "Leonid_Starozhilov won by resignation"]

1. d4 Nf6 2. c4 g6 3. Nc3 Bg7 4. Nf3 d6 5. Bg5 O-O 6. e3 Nc6 7. Be2 Bf5 8. O-O a6 9. Rc1 Ne4 10. Nxe4 Bxe4 11. a3 a5 12. Nd2 Bf5 13. Bf3 h6 14.
Bh4 g5 15. Bg3 Bd7 16. h4 e5 17. hxg5 hxg5 18. dxe5 Nxe5 19. Qc2 c6 20. Bxe5 Bxe5 21. g3 Qe7 22. Kg2 Kg7 23. Rh1 Rh8 24. b4 axb4 25.
axb4 Qf6 26. Ne4 Qg6 27. g4 Rh4 28. Ng3 Qxc2 29. Rxc2 Rxh1 30. Nxh1 f5 31. gxf5 Bxf5 32.
e4 Be6 33. Ng3 Ra4 34. Nf5+ Kf6 35. b5 Rxc4 36. Rxc4 Bxc4 37. bxc6 bxc6 38. Ne3 Bd3 39. Ng4+ Ke6 40. Nh6 Bf4 41. Nf5 Ke5 42. Kh3 Bxe4 43. Bxe4 Kxe4 44. Kg4 d5 45. f3+ Kd3 46. Ne7 c5 47.
Nxd5 c4 48. Nb4+ Kd2 49. Nd5 c3 0-1

[Event "Early-Titled-Tuesday-Blitz-September-12-2023"]
[Site "Chess.com"]
[Date "2023.09.12"]
[Round "8"]
[White "seramoral"]
[Black "turayev_shahruh17"]
[Result "1/2-1/2"]
[WhiteElo "2619"]
[BlackElo "2815"]
[TimeControl "180+1"]
[EndTime "9:29:00 PDT"]
[Termination "Game drawn by repetition"]

1. c4 Nf6 2. Nc3 g6 3. g3 Bg7 4. Bg2 O-O 5. Rb1 e5 6. d3 c6 7. e4 d6 8. Nge2 Be6 9. O-O d5 10. exd5 cxd5 11. Bg5 dxc4 12. dxc4 Nc6 13. b3 h6 14.
Bxf6 Qxf6 15. Nd5 Qd8 16. Qc1 Nd4 17. Nxd4 exd4 18. Re1 Kh7 19. Qd2 Bf5 20. Be4 Bxe4 21.
Rxe4 b5 22. Rbe1 bxc4 23. bxc4 Rc8 24. Qd3 Qa5 25. R1e2 Qa4 26. Rc2 Rc5 27. Re7 Rfc8 28. Nf4 Rxc4 29. Rxc4 Qxc4 30. Qxc4 Rxc4 31. Rxf7 Kg8 32.
Rxa7 Rc2 33. Kg2 g5 34. Nd3 Rc3 35. Nb4 Rc4 36. a3 Rc3 37. a4 Rc4 38. Rb7 Bf8 39.
Nd3 Rxa4 40. Kf3 Bg7 41. Ke4 Ra8 42. Kf5 Rf8+ 43. Ke4 Re8+ 44. Kf3 Rf8+ 45. Kg2 Rc8 46. Kf3 Rf8+ 47. Ke4 Re8+ 48. Kf5 Rf8+ 49. Ke4 1/2-1/2

[Event "Early-Titled-Tuesday-Blitz-September-12-2023"]
[Site "Chess.com"]
[Date "2023.09.12"]
[Round "8"]
[White "DanyKopy"]
[Black "Forge13"]
[Result "1-0"]
[WhiteElo "2535"]
[BlackElo "2619"]
[TimeControl "180+1"]
[EndTime "9:29:00 PDT"]
[Termination "DanyKopy won by resignation"]

1. d4 Nf6 2. Nf3 d6 3. Nbd2 Nbd7 4. e4 e5 5. Bc4 Be7 6. O-O O-O 7. c3 c6 8. Re1 b5 9. Bb3 a5 10. a4 b4 11. Nf1 exd4 12. cxd4 d5 13. e5 Ne4 14. Bc2 f5 15. exf6 Ndxf6 16. Ne5 Bb7 17. f3 Nd6 18. Bg5 Nf7 19. Nxf7 Rxf7 20. Qd3 Ba6 21. Qf5 Qb6 22. Bxf6 gxf6 23. Qg4+ Kh8 24. Bf5 Rg8 25. Qh4 Rg5 26. Ng3 Rfg7 27. Re3 c5 28. Rae1 Qd8 29. Qh6 cxd4 30. Rxe7 Rxe7 31. Qxf6+ Rgg7 32. Re6 Bc8 33. Rd6 Qg8 34. Bxc8 Qxc8 35. Nf5 Rf7 36. Rd8+ Qxd8 37. Qxd8+ Rg8 38. Qxd5 Rgf8 39. Nxd4 Kg8 40. Ne6 Re8 41.
Ng5 Rf8 42. Nxf7 Rxf7 43. Qxa5 Kg7 44. Qd5 1-0

[Event "Early-Titled-Tuesday-Blitz-September-12-2023"]
[Site "Chess.com"]
[Date "2023.09.12"]
[Round "8"]
[White "HansOnTwitch"]
[Black "Zurability"]
[Result "1-0"]
[WhiteElo "3043"]
[BlackElo "2797"]
[TimeControl "180+1"]
[EndTime "9:29:01 PDT"]
[Termination "HansOnTwitch won by resignation"]

1. e4 c5 2. Nf3 d6 3. Bb5+ Nd7 4. O-O Nf6 5. Re1 g6 6. c3 Bg7 7. d4 O-O 8. e5 Nd5 9. exd6 e6 10. Bxd7 Qxd7 11.
dxc5 b6 12. c4 Nb4 13. Ne5 Qb7 14. Nc3 Rd8 15. Ng4 e5 16. Bg5 Bxg4 17. Qxg4 Rd7 18.
Qe4 bxc5 19. Qxb7 Rxb7 20. Ne4 Nc2 21. Nxc5 Rb4 22. d7 Nxa1 23. Rxa1 Rxc4 24. Nb7 Rd4 25.
d8=Q+ Rdxd8 26. Nxd8 f6 27. Bxf6 Bxf6 28. Nc6 e4 29. Re1 Bxb2 30. Rxe4 a6 31. Ra4 Kf7 32. g3 Rc8 33. Rxa6 Ke8 34. a4 Kd7 35. Nb4 Bd4 36.
Ra5 Ke6 37. Nd3 Rc3 38. Nf4+ Kf7 39. Rd5 Bb6 40. Rd7+ Ke8 41. Rxh7 Rc2 42. Nxg6 Rxf2 43. Kh1 Rf1+ 44. Kg2 Rf2+ 45. Kh3 Ra2 46. Rh4 Bd8 47. Re4+ Kf7 48. Ne5+ Kg7 49. Nc6 Bc7 50. Re7+ 1-0

[Event "Early-Titled-Tuesday-Blitz-September-12-2023"]
[Site "Chess.com"]
[Date "2023.09.12"]
[Round "8"]
[White "Mr_Lion22"]
[Black "kushbhagat2009"]
[Result "0-1"]
[WhiteElo "2427"]
[BlackElo "2614"]
[TimeControl "180+1"]
[EndTime "9:29:03 PDT"]
[Termination "kushbhagat2009 won on time"]

1. d4 Nf6 2. c4 g6 3. Nc3 Bg7 4. e4 d6 5. Be2 O-O 6. Be3 e5 7. d5 a5 8. g4 Na6 9. g5 Nd7 10.
h4 Ndc5 11. h5 c6 12. Qd2 cxd5 13.
cxd5 Bd7 14. Nf3 b5 15. Rh4 b4 16. Nd1 f5 17. gxf6 Bxf6 18. Rh2 Nxe4 19. Qc2 Rc8 20. Qb1 Nac5 21. Bxc5 Nxc5 22. hxg6 e4 23. Nd2 Bf5 24.
gxh7+ Kh8 25. Ne3 Bg6 26. Qd1 Be5 27. Rg2 Bxh7 28. Ndc4 Qh4 29. Kd2 Rxf2 30. Rxf2 Qxf2 31. Nxe5 dxe5 32. Rc1 Qf8 33. Rc4 Rd8 34. Qc2 Ne6 35. Kc1 Nd4 36. Qd1 Qf2 37. Ng4 Nxe2+ 38. Kb1 Qf3 39.
Nxe5 Nc3+ 0-1

[Event "Early-Titled-Tuesday-Blitz-September-12-2023"]
[Site "Chess.com"]
[Date "2023.09.12"]
[Round "8"]
[White "sokidze"]
[Black "Sina_Movahed"]
[Result "0-1"]
[WhiteElo "2782"]
[BlackElo "3043"]
[TimeControl "180+1"]
[EndTime "9:29:04 PDT"]
[Termination "Sina_Movahed won by checkmate"]

1. d4 Nf6 2. c4 g6 3. Nc3 Bg7 4. e4 O-O 5. h3 d6 6. Be3 e5 7. d5 Na6 8. g4 Nc5 9. f3 c6 10. b4 Na6 11. a3 Ne8 12. Bd3 f5 13.
gxf5 gxf5 14. Nge2 fxe4 15. fxe4 Rf3 16. Qd2 Qh4+ 17.
Kd1 Bd7 18. Kc2 Nf6 19. Rag1 Kh8 20. Bg5 Qh5 21. Ng3 Qg6 22. h4 Ng4 23. h5 Qf7 24. h6 Bf6 25. Be2 Bxg5 26. Qxg5 Rg8 27. Qh5 Qxh5 28. Nxh5 Rf2 29. Kb3 Nxh6 30. Rxg8+ Nxg8 31.
Rg1 Be8 32. Ng7 Bg6 33. Ne6 Nf6 34. Bd3 cxd5 35. cxd5 Nb8 36. Re1 a6 37. Rc1 Nbd7 38. Bb1 h5 39. Rh1 Kh7 40. b5 Kh6 41. bxa6 bxa6 42. Kc4 Rb2 43. Kd3 Ng4 44. Kc4 Nf2 45. Re1 Nb6# 0-1

[Event "Early-Titled-Tuesday-Blitz-September-12-2023"]
[Site "Chess.com"]
[Date "2023.09.12"]
[Round "8"]
[White "tteshan"]
[Black "Dr_crypt"]
[Result "0-1"]
[WhiteElo "2537"]
[BlackElo "2421"]
[TimeControl "180+1"]
[EndTime "9:29:05 PDT"]
[Termination "Dr_crypt won by resignation"]

1. d4 d5 2. c4 e6 3. Nc3 a6 4. cxd5 exd5 5. Nf3 c6 6. Bf4 Bd6 7. Be5 f6 8. Bg3 Ne7 9. e3 Bf5 10. Qb3 Bxg3 11. hxg3 Qc7 12. Na4 Nd7 13. Be2 Qa5+ 14. Kf1 b5 15. Nc5 Nxc5 16. dxc5 O-O 17. Nd4 Bg6 18. Bd3 Qa4 19. Bxg6 hxg6 20. Qd3 Qc4 21. Ke2 Qxd3+ 22. Kxd3 Kf7 23. Rh4 g5 24. Rh3 Rh8 25. Rah1 Rhc8 26. g4 Ng6 27. Nf5 Ne5+ 28. Kc2 Rg8 29.
f3 Nd7 30. b4 a5 31. a3 axb4 32. axb4 Ra2+ 33. Kc3 Ra3+ 34. Kd4 Rb3 35. Nd6+ Ke6 36. e4 Rxb4+ 37. Ke3 d4+ 38. Kf2 Nxc5 39. Nf5 Nd3+ 40. Kg3 Nf4 41. Rh7 Rb2 42. Nxd4+ Ke5 43. Nxc6+ Kd6 44.
Rd1+ Kxc6 45. Rh2 b4 46. Rc1+ Kb5 47. Rc7 Rd8 48. Rxg7 Rdd2 49. Rb7+ Kc6 0-1

[Event "Early-Titled-Tuesday-Blitz-September-12-2023"]
[Site "Chess.com"]
[Date "2023.09.12"]
[Round "8"]
[White "Aleksandar-Topalov"]
[Black "ChessTankMan"]
[Result "0-1"]
[WhiteElo "2346"]
[BlackElo "2519"]
[TimeControl "180+1"]
[EndTime "9:29:05 PDT"]
[Termination "ChessTankMan won by resignation"]

1. b3 e5 2. Bb2 Nc6 3. c4 Nf6 4. e3 Be7 5. Nf3 e4 6. Nd4 O-O 7. Be2 Nxd4 8. Bxd4 d5 9. cxd5 Nxd5 10. Nc3 Nxc3 11.
Bxc3 Bd6 12. O-O Qg5 13. f4 exf3 14. Bxf3 Qh4 15. g3 Qe7 16. Bg2 c6 17. Qc2 Be6 18.
e4 Rfd8 19. d4 f6 20. Rae1 Rac8 21. Kh1 Bb4 22. d5 Bf7 23. Bxb4 Qxb4 24. Rc1 h5 25. Bh3 Rc7 26. Qe2 Re7 27. Rc4 Qd6 28. dxc6 bxc6 29. Qc2 Bxc4 30. Qxc4+ Kh8 31. Qe2 Qe5 32. Bg2 g6 33. g4 h4 34. g5 h3 35. Qf3 hxg2+ 36. Kxg2 Qxg5+ 37. Kh1 Kg7 38. e5 Qxe5 39. Qh3 Qe4+ 40.
Kg1 Qe3+ 41. Kh1 Qxh3 42. Rxf6 Rd1+ 0-1

[Event "Early-Titled-Tuesday-Blitz-September-12-2023"]
[Site "Chess.com"]
[Date "2023.09.12"]
[Round "8"]
[White "MarijaKuznecova"]
[Black "HATilay"]
[Result "1-0"]
[WhiteElo "2420"]
[BlackElo "2545"]
[TimeControl "180+1"]
[EndTime "9:29:06 PDT"]
[Termination "MarijaKuznecova won on time"]

1. e4 c5 2. Nf3 d6 3. d4 cxd4 4. Nxd4 Nf6 5. Nc3 a6 6. Be3 e5 7. Nb3 Be7 8. f3 h5 9. Qd2 Be6 10. Nd5 Nxd5 11. exd5 Bf5 12. Be2 Bh4+ 13. g3 Be7 14.
O-O Nd7 15. c4 Nf6 16. Rac1 O-O 17. Qd1 Bh3 18. Rf2 e4 19. Bf1 Bxf1 20. Rxf1 exf3 21.
Qxf3 Ng4 22. Bd4 Bg5 23. Rce1 Qd7 24. h3 Ne5 25. Bxe5 dxe5 26. Qxh5 f6 27. Nc5 Qd6 28. Ne4 Qb6+ 29. Kh1 Qxb2 30. h4 Bh6 31. Nxf6+ Kh8 32. Qg6 Rxf6 33. Rxf6 Qxa2 34. Ref1 Rg8 35. Rf8 Qxc4 36.
Rxg8+ Kxg8 37. Qf7+ Kh7 38. Qf5+ Kg8 39. g4 Be3 40. Qf3 Qd4 41. Rd1 Qc3 42. d6 e4 43.
Qxe4 Bb6 44. Qd5+ Kh8 45. Qd3 1-0

[Event "Early-Titled-Tuesday-Blitz-September-12-2023"]
[Site "Chess.com"]
[Date "2023.09.12"]
[Round "8"]
[White "verrbaa"]
[Black "F-Ghaith2021"]
[Result "0-1"]
[WhiteElo "2415"]
[BlackElo "2304"]
[TimeControl "180+1"]
[EndTime "9:29:06 PDT"]
[Termination "F-Ghaith2021 won on time"]

1. e4 c5 2. Nf3 d6 3. d4 cxd4 4. Nxd4 Nf6 5. Nc3 a6 6. Bg5 e6 7.
Qe2 Be7 8. O-O-O Qc7 9. f4 h6 10. Bh4 Nc6 11. Nxc6 bxc6 12. e5 Nd5 13. Bxe7 Qxe7 14.
Ne4 dxe5 15. fxe5 O-O 16. Qg4 f5 17. exf6 Nxf6 18. Nxf6+ Qxf6 19. Bd3 e5 20. Qe2 Qf4+ 21. Kb1 Bg4 22. Qe1 Bxd1 23. Qxd1 Rad8 24. Qe1 e4 25. Qxe4 Qxe4 26. Bxe4 c5 27. b3 Rf2 28. h4 Rdf8 29.
Kb2 Rf1 30. Rh3 R8f4 31. Bd5+ Kf8 32. Rc3 Rxh4 33. Rxc5 Rg4 34. Rc7 h5 35. c4 h4 36.
Ra7 Rf6 37. a4 Rd6 38. Ka3 Rg3 39. Ra8+ Ke7 40. Kb4 Rb6+ 41. Kc5 Rgxb3 42. Ra7+ Kf6 43. Rf7+ Kg6 44. a5 Rb8 45. Rc7 Kg5 46. Ra7 Rb2 0-1

[Event "Early-Titled-Tuesday-Blitz-September-12-2023"]
[Site "Chess.com"]
[Date "2023.09.12"]
[Round "8"]
[White "Eagle_2019"]
[Black "Durarbayli"]
[Result "1/2-1/2"]
[WhiteElo "2691"]
[BlackElo "2887"]
[TimeControl "180+1"]
[EndTime "9:29:07 PDT"]
[Termination "Game drawn by repetition"]

1. d4 Nf6 2. Bg5 d5 3. e3 c5 4. Bxf6 gxf6 5. dxc5 Nc6 6. Nf3 e5 7. c4 dxc4 8. Qxd8+ Nxd8 9. Bxc4 Bxc5 10. Nc3 Be6 11.
Bxe6 fxe6 12. Ke2 Ke7 13. Rac1 Nc6 14. Rhd1 Rhd8 15. Nd2 f5 16. Nb3 Rxd1 17. Rxd1 Bb4 18.
Rc1 Rg8 19. Kf1 Rg4 20. Na4 Bd6 21. Nac5 Nd8 22. f3 Rb4 23. Nd3 Rb5 24. Nd2 Nc6 25. Nc4 e4 26. fxe4 fxe4 27. Nf2 Bxh2 28. Nxe4 Bc7 29. Ke2 Rh5 30. Ncd2 Bb6 31. Nf3 Nb4 32. g4 Rh3 33. Nf2 Rh6 34. g5 Rh5 35. a3 Nd5 36. Ng4 Rh3 37. Rg1 Nf4+ 38. Kf2 Rh5 39. Rd1 Nd5 40. Ke2 Rh3 41. Rg1 Nf4+ 42. Kf2 Rh5 43. Rd1 Nd5 44. Ke2 Rh3 45. Rg1 1/2-1/2

[Event "Early-Titled-Tuesday-Blitz-September-12-2023"]
[Site "Chess.com"]
[Date "2023.09.12"]
[Round "8"]
[White "Artemiki"]
[Black "esrosenberg"]
[Result "0-1"]
[WhiteElo "2149"]
[BlackElo "2361"]
[TimeControl "180+1"]
[EndTime "9:29:07 PDT"]
[Termination "esrosenberg won on time"]

1. e4 g6 2. d4 Bg7 3. Nc3 d6 4.
g3 c5 5. dxc5 Bxc3+ 6. bxc3 dxc5 7. Qxd8+ Kxd8 8. Be3 b6 9. Bg2 Bb7 10. Nh3 h6 11. Nf4 e6 12. O-O-O+ Ke7 13. e5 Bxg2 14.
Nxg2 g5 15. f4 gxf4 16. Bxf4 Ke8 17. Ne3 Ne7 18. Nc4 Nd5 19. Nd6+ Ke7 20. c4 Nxf4 21.
gxf4 Nc6 22. Rhg1 Nd4 23. Rg7 Raf8 24. c3 Ne2+ 25. Kd2 Nxf4 26. Rf1 Nh5 27. Rfxf7+ Rxf7 28. Rxf7+ Kd8 29. Rxa7 Rf8 30. Ke3 Rf1 31. Nf7+ Kc8 32. Nxh6 Rh1 33. Ng4 Rc1 34. Re7 Rxc3+ 35. Kf2 Rxc4 36.
Nf6 Nxf6 37. exf6 Rf4+ 38. Ke3 Rxf6 39. h4 Kd8 40. Rb7 e5 41. h5 Kc8 42. Rh7 b5 43. h6 c4 44. Rh8+ Kb7 45. h7 Rh6 46. Ke4 b4 0-1

[Event "Early-Titled-Tuesday-Blitz-September-12-2023"]
[Site "Chess.com"]
[Date "2023.09.12"]
[Round "8"]
[White "FuenfgegenWilly"]
[Black "ErikRonka"]
[Result "0-1"]
[WhiteElo "2359"]
[BlackElo "2523"]
[TimeControl "180+1"]
[EndTime "9:29:08 PDT"]
[Termination "ErikRonka won by resignation"]

1. e4 c6 2. Nc3 d5 3. Qe2 dxe4 4. Nxe4 Bf5 5. g4 Bc8 6. Bg2 g6 7. c3 Bg7 8. d4 Nf6 9. Nxf6+ Bxf6 10. h4 Qd6 11. h5 Qe6 12. g5 Qxe2+ 13. Nxe2 Bg7 14. Bf4 O-O 15. O-O-O Bg4 16. f3 Be6 17. b3 Nd7 18. Bh3 Bxh3 19. Rxh3 Rfe8 20. Bg3 e5 21. d5 cxd5 22.
Rxd5 Nb6 23. Rd2 e4 24. fxe4 Rxe4 25. c4 Rae8 26. Nf4 Be5 27. Nd5 Nxd5 28. Rxd5 Bxg3 29. Rxg3 Re1+ 30. Kc2 R1e2+ 31. Kc3 gxh5 32. Rd7 R2e3+ 33. Rxe3 Rxe3+ 34. Kd4 Re2 35. Rxb7 h4 36. c5 h3 37. c6 h2 38. c7 Rc2 39. Rb8+ Kg7 40. c8=Q Rxc8 41. Rxc8 h1=Q 42. Rc5 Qa1+ 43. Kd5 Qxa2 44.
Kc4 a5 45. Kc3 a4 46. bxa4 Qxa4 47. Rc4 Qxc4+ 48. Kxc4 Kg6 0-1

[Event "Early-Titled-Tuesday-Blitz-September-12-2023"]
[Site "Chess.com"]
[Date "2023.09.12"]
[Round "8"]
[White "ural58"]
[Black "Gauravthegm"]
[Result "0-1"]
[WhiteElo "2539"]
[BlackElo "2424"]
[TimeControl "180+1"]
[EndTime "9:29:09 PDT"]
[Termination "Gauravthegm won by resignation"]

1. e4 c5 2. Nf3 Nc6 3. d4 cxd4 4. Nxd4 Nf6 5. Nc3 e5 6. Ndb5 d6 7. Nd5 Nxd5 8. exd5 Nb8 9. a4 Be7 10. Bd2 Nd7 11. a5 O-O 12. Be2 f5 13. b4 a6 14.
Na3 b5 15. c4 bxc4 16. Nxc4 Bb7 17. Be3 f4 18. Bb6 Qe8 19. Ra3 Rc8 20. h4 Nf6 21. h5 Bxd5 22. Rc3 Kh8 23. Qc2 Ne4 24. h6 g6 25. Rhh3 Nxc3 26. Rxc3 Bxc4 27. Rxc4 d5 28. Rxc8 Bxb4+ 29. Kd1 Qxc8 30. Qxc8 Rxc8 31. Bxa6 Ra8 32. Bb7 Bxa5 33. Bxa8 Bxb6 34. f3 d4 35. Ke2 Kg8 36.
Kd3 Kf7 37. Ke4 Kf6 38. Bd5 Bc7 39. Bg8 Ke7 40. Bxh7 Kf7 41. Kd3 Bd6 42. Ke4 Bc7 43. Kd3 Bd8 44. Ke4 Bg5 45. Kd3 Bxh6 46. Ke4 Kg7 0-1

[Event "Early-Titled-Tuesday-Blitz-September-12-2023"]
[Site "Chess.com"]
[Date "2023.09.12"]
[Round "8"]
[White "Manukyan_Artak"]
[Black "charlescandycampbell"]
[Result "1-0"]
[WhiteElo "2508"]
[BlackElo "2308"]
[TimeControl "180+1"]
[EndTime "9:29:09 PDT"]
[Termination "Manukyan_Artak won on time"]

1. e4 c6 2. d4 d5 3. e5 Bf5 4. c4 e6 5. Nc3 dxc4 6. Bxc4 Nd7 7. Nf3 Nb6 8. Bb3 h5 9. O-O h4 10. Bg5 Be7 11. Bxe7 Nxe7 12. h3 Ng6 13. Qd2 a5 14. a3 a4 15. Ba2 O-O 16. Rad1 Qe7 17. Qe3 Rfd8 18. Ne4 Nd5 19. Qe1 Ndf4 20. Nd6 Bd3 21.
Kh2 Bxf1 22. Qxf1 Rxd6 23. exd6 Qxd6 24. Kh1 Rd8 25. Bb1 Qe7 26. Qc4 Qf6 27. Qxa4 Nxh3 28. Qc2 Nhf4 29. Qe4 Rd5 30. a4 c5 31. Qe3 cxd4 32. Rxd4 Rxd4 33. Nxd4 Qg5 34. Be4 f5 35. Bxb7 e5 36. Ne2 e4 37. Nxf4 Nxf4 38.
Bxe4 fxe4 39. Qxe4 g6 40. a5 Qg4 41. Kh2 g5 42. a6 Qc8 43. a7 Qc7 44. a8=Q+ Kg7 45. Qab7 Qxb7 46. Qxb7+ Kg6 47. Qe4+ Kh5 48. f3 Kh6 49. b4 Ng6 50. b5 Nf4 51. b6 1-0

[Event "Early-Titled-Tuesday-Blitz-September-12-2023"]
[Site "Chess.com"]
[Date "2023.09.12"]
[Round "8"]
[White "ajedrezhoy"]
[Black "dadice10"]
[Result "0-1"]
[WhiteElo "2383"]
[BlackElo "2226"]
[TimeControl "180+1"]
[EndTime "9:29:09 PDT"]
[Termination "dadice10 won on time"]

1. c4 Nf6 2. Nc3 g6 3. g3 Bg7 4.
Bg2 O-O 5. e4 e5 6. Nge2 c6 7.
O-O Re8 8. d3 h6 9. Rb1 d6 10.
b4 Be6 11. h3 d5 12. cxd5 cxd5 13. f4 exf4 14. gxf4 dxe4 15. dxe4 Nc6 16. Be3 Nh5 17. b5 Na5 18. Qxd8 Rexd8 19. Nd5 Bxd5 20. exd5 Re8 21. Kf2 Nc4 22. Bc1 Bf8 23. Bf3 Bc5+ 24. Kg2 Nf6 25. Nc3 Be3 26. Re1 Rac8 27. Na4 Bxc1 28.
Rbxc1 Ne3+ 29. Kf2 Rxc1 30. Rxc1 Nexd5 31. Rc5 Nxf4 32. Rc7 Nxh3+ 33. Kg3 Ng5 34. Bxb7 Re3+ 35. Kf2 Ra3 36. Nc3 h5 37. Bh1 Ng4+ 38. Kg3 Ne5 39. Kf4 f6 40. Rb7 Ne6+ 41. Ke4 Nc5+ 42. Kd5 Nxb7 43. Ke6 Rxc3 44. Bxb7 Nc4 45. Kxf6 Kh7 0-1

[Event "Early-Titled-Tuesday-Blitz-September-12-2023"]
[Site "Chess.com"]
[Date "2023.09.12"]
[Round "8"]
[White "MatthewG-p4p"]
[Black "TregubovP"]
[Result "1-0"]
[WhiteElo "2879"]
[BlackElo "2649"]
[TimeControl "180+1"]
[EndTime "9:29:10 PDT"]
[Termination "MatthewG-p4p won by resignation"]

1. e4 c5 2. c3 d5 3. exd5 Qxd5 4. d4 g6 5. Nf3 Bg7 6. Nbd2 cxd4 7. Bc4 Qd8 8. Qb3 Nh6 9. Nxd4 O-O 10. O-O Bd7 11.
Re1 Nc6 12. Nxc6 Bxc6 13. Ne4 Nf5 14. Bf4 Qa5 15. Ng5 e6 16. Rad1 Nh4 17. f3 Kh8 18.
Rd2 Qf5 19. Be3 h6 20. Ne4 Nxf3+ 21. gxf3 Qxf3 22. Ng3 h5 23. Rf2 Qg4 24. Rf4 Qg5 25. Rxf7 Qe5 26. Bxe6 Rxf7 27. Bxf7 h4 28. Qc4 Bf6 29.
Bf2 Qg5 30. Be3 Qe5 31. Nf1 Qf5 32. Qf4 Qxf4 33. Bxf4 Rf8 34. Bb3 g5 35. Be5 Bxe5 36. Rxe5 g4 37. Rh5+ Kg7 38. Rxh4 Kg6 39. Rxg4+ Kf5 40.
Ne3+ Ke5 41. Bd1 Rd8 42. Rd4 Rxd4 43. cxd4+ Kxd4 44. Kf2 Kd3 45. h4 Kd2 46. h5 Be4 47. h6 Kc1 48. Bc2 1-0

[Event "Early-Titled-Tuesday-Blitz-September-12-2023"]
[Site "Chess.com"]
[Date "2023.09.12"]
[Round "8"]
[White "wonderfultime"]
[Black "jguerramzllo"]
[Result "1-0"]
[WhiteElo "3000"]
[BlackElo "2840"]
[TimeControl "180+1"]
[EndTime "9:29:11 PDT"]
[Termination "wonderfultime won on time"]

1. d4 d5 2. Nf3 Nf6 3. Bf4 e6 4. e3 Bd6 5. Nbd2 O-O 6. c3 b6 7.
Bd3 a5 8. Qe2 Ba6 9. Bxa6 Nxa6 10.
Bg5 h6 11. Bh4 Be7 12. O-O c6 13. Rad1 Nb8 14. Bxf6 Bxf6 15. e4 Nd7 16. Rfe1 g6 17. g3 Bg7 18. h4 h5 19. Ng5 b5 20. Ndf3 dxe4 21. Qxe4 Rc8 22. Ne5 Nf6 23. Qf3 Qd5 24. b3 Qxf3 25. Ngxf3 Nd5 26. c4 Nc3 27. Rd2 b4 28. a3 Rfd8 29. axb4 axb4 30. Nd3 Rb8 31. Nc5 Ra8 32. Kg2 Ra7 33. Re3 Rda8 34. Rc2 Ra2 35.
Rxa2 Nxa2 36. Nd3 Ra3 37. Nde5 Ra6 38. Re1 Nc3 39. Nd3 Rb6 40. Ra1 Ne2 41. Ra8+ Bf8 42. Nde5 c5 43. Nd7 Rd6 44. Nxf8 Kg7 45. dxc5 Rc6 46. Nd7 Nc1 47. Rb8 Nd3 48. Nfe5 Nxe5 49. Nxe5 Rxc5 50. Nd3 Ra5 51. Nxb4 1-0